 Seeded DCSS version 0.30-a0-371-gad7725a93e (webtiles) character file.

Game seed: 12460970759821053352 (custom seed)

258 innerfire433 the Poker (level 5, 0/43 HPs)
             Began as a Demonspawn Monk on Nov 22, 2022.
             Succumbed to an adder's poison
             ... on level 4 of the Dungeon.
             The game lasted 00:06:50 (2628 turns).

innerfire433 the Poker (Demonspawn Monk)            Turns: 2628, Time: 00:06:51

Health: 0/43       AC:  5    Str: 14    XL:     5   Next: 94%
Magic:  5/5        EV: 17    Int: 19    God:
Gold:   176        SH:  0    Dex: 15    Spells: 4/4 levels left

rFire   . . .      SeeInvis .    c - +3 spear (vorpal)
rCold   . . .      Faith    .    (no shield)
rNeg    . . .      Spirit   .    b - +0 robe
rPois   .          Reflect  .    (no helmet)
rElec   .          Harm     .    (no cloak)
rCorr   .          Rampage  .    r - +2 pair of gloves
Will    .....                    w - +0 pair of boots
Stlth   ++........               v - amulet of regeneration
HPRegen 1.07/turn                h - +6 ring of intelligence
MPRegen 0.09/turn                n - +4 ring of evasion

@: lethally poisoned (0 -> -8)
A: hooves 1, big brain 1, deformed body
a: no special abilities


You were on level 4 of the Dungeon.
You visited 1 branch of the dungeon, and saw 4 of its levels.

You collected 176 gold pieces.

Inventory:

Hand Weapons
 a - a +0 spear
 c - a +3 vorpal spear (weapon)
Missiles
 g - 7 javelins (quivered)
Armour
 b - a +0 robe (worn)
 r - a +2 pair of gloves (worn)
 w - a +0 pair of boots (worn)
Jewellery
 d - an amulet of the acrobat
 e - an amulet of magic regeneration
 h - a +6 ring of intelligence (left hand)
 n - a +4 ring of evasion (right hand)
 q - a ring of protection from fire
 v - an amulet of regeneration (around neck)
Wands
 p - a wand of acid (11)
Scrolls
 f - 2 scrolls of teleportation
 j - a scroll of noise {unknown}
 k - a scroll of amnesia {unknown}
 m - 4 scrolls of identify
 o - 2 scrolls of poison {unknown}
 t - a scroll of acquirement {unknown}
Potions
 s - a potion of resistance {unknown}
 u - 3 potions of curing {unknown}


   Skills:
 + Level 4.3 Fighting
 * Level 4.9 Polearms
 + Level 3.3 Dodging
 - Level 1.7 Stealth


You had 4 spell levels left.
You didn't know any spells.
Your spell library contained the following spells:

 Spells                   Type           Power      Damage    Failure   Level
 Slow                     Hex            0%         N/A       21%         1
 Confusing Touch          Hex            0%         N/A       52%         3
 Portal Projectile        Hex/Tloc       0%         N/A       52%         3
 Tukima's Dance           Hex            0%         N/A       52%         3
 Vampiric Draining        Necr           0%         2d6       52%         3
 Blade Hands              Tmut           0%         N/A       99%         5


Dungeon Overview and Level Annotations

Branches:
Dungeon (4/15)
 Temple: D:4-7

Altars:
Hepliaklqana
Yredelemnul


Innate Abilities, Weirdness & Mutations

You have large cloven feet.
You have an unusually large brain. (Int +2)
Armour fits poorly on your strangely shaped body.


Message History

You kill the orc wizard!
You feel very sick. The kobold hits you but does no damage.
You bump into the rock wall.
You feel very sick. The kobold closely misses you.
Something hits you but does no damage.
You are more poisoned.
You barely miss the kobold.
You feel very sick. Something barely misses you. The kobold barely misses you.
You bump into the rock wall.
You feel very sick. The kobold hits you but does no damage.
Something hits you but does no damage.
You bump into the rock wall.
You feel less confused.
You feel sick. Something completely misses you.
The kobold hits you with a +0 short sword.
You puncture the kobold!
You kill the kobold!
You feel sick.
You hear some strange, mumbled words.
A puff of flame appears from out of thin air!
The puff of flame hits you!
* * * LOW HITPOINT WARNING * * *
You barely miss the adder.
You feel sick.
An orc wizard appears from thin air!
Reactivating autopickup.
The adder misses you.
You miss the adder.
You feel sick. The adder bites you but does no damage.
The orc wizard hits you but does no damage.
You are more poisoned.
It was a potion of mutation.
You feel extremely strange.
Your body twists and deforms.
You feel sick. The adder closely misses you. The orc wizard barely misses you.
The adder bites you.
* * * LOW HITPOINT WARNING * * *
You are more poisoned.
The adder poisons you!
The orc wizard attacks as you move away!
The orc wizard barely misses you.
You die...

######.........#.......#
#........#........#
##########.......##
##......## #....^...#
#........# #........#
#........# ##@.....##
#.###+#### #Sow.....#
##.).<...# ........#
#......".# #.######## #?
#.


You could see an adder.

Vanquished Creatures
  A scorpion (D:4)
  An iguana (D:4)
  An orc wizard (D:4)
  3 adders
  4 gnolls (D:2)
  2 worms (D:3)
  A dart slug (D:1)
  4 orcs
  6 ball pythons
  6 endoplasms
  3 giant cockroaches
  10 goblins
  4 hobgoblins
  6 jackals
  3 quokkas
  6 bats
  2 frilled lizards (D:2)
  5 kobolds
  2 rats
70 creatures vanquished.

Notes
Turn   | Place    | Note
-------+----------+-------------------------------------------
     0 | D:1      | innerfire433 the Demonspawn Monk began the quest for the
                  | Orb.
     0 | D:1      | Reached XP level 1. HP: 18/18 MP: 1/1
   282 | D:1      | Gained mutation: You have an unusually large brain. (Int
                  | +2) [demonic ancestry]
   282 | D:1      | Reached XP level 2. HP: 24/24 MP: 2/2
   842 | D:2      | Reached XP level 3. HP: 18/29 MP: 3/3
  1060 | D:2      | Gained mutation: You have large cloven feet. [demonic
                  | ancestry]
  1060 | D:2      | Reached XP level 4. HP: 37/37 MP: 4/4
  1113 | D:2      | You fall into a shaft and drop 2 floors!
  1295 | D:4      | Noticed a scorpion
  1307 | D:4      | Killed a scorpion
  1308 | D:4      | Reached XP level 5. HP: 28/42 MP: 5/5
  1696 | D:3      | Found a hazy altar of Hepliaklqana.
  1823 | D:3      | Found a basalt altar of Yredelemnul.
  1825 | D:3      | Noticed a profane servitor
  1838 | D:3      | Noticed an angel
  2627 | D:4      | Gained mutation: Armour fits poorly on your strangely
                  | shaped body. [potion of mutation]
  2627 | D:4      | HP: 2/43 [adder (3)]
  2628 | D:4      | Succumbed to an adder's poison

Illustrated notes

Levels and vault maps discovered:
D:1:      ncdulo_watergridlock, layout_loops_ring,
          minmay_misc_feat_secret_circle
D:2:      layout_loops_ring, serial_bayou_pond_e
D:3:      layout_basic, grunt_temple_overflow_holy_war,
          mainiacjoe_overflow_surrounded_room, minmay_starry_boxes
D:4:      layout_gridville

Skill      XL: |  1  2  3  4 |
---------------+-------------+-----
Polearms       | 3 4 |  4.9
Fighting       | 4 |  4.3
Dodging        | 3 |  3.3
Stealth        | |  1.7

Action                   |  1- 3 |  4- 6 || total
-------------------------+-------+-------++-------
Melee: Spear             |   101 |   123 ||   224
       Punch             |     2 |     1 ||     3
       Kick              |       |    21 ||    21
  Use: Potion            |     2 |     4 ||     6
       Scroll            |     3 |       ||     3
 Stab: Sleeping          |     2 |     7 ||     9
       Distracted        |       |     1 ||     1
Armor: Robe              |     8 |    18 ||    26
       Skin              |    41 |       ||    41
Dodge: Dodged            |    40 |    65 ||   105

Table legend: (Time is in decaauts)
 A = Elapsed time spent in this place.
 B = Non-inter-level travel time spent in this place.
 C = Inter-level travel time spent in this place.
 D = Time resting spent in this place.
 E = Time spent auto-exploring this place.
 F = Levels seen in this place.
 G = Mean time per level.
                   A        B        C        D        E       F      G
               +--------+--------+--------+--------+--------+-----+--------+
         Total |   2605 |   2455 |    150 |      0 |   1727 |   4 |  651.2 |
       Dungeon |   2605 |   2455 |    150 |      0 |   1727 |   4 |  651.2 |
               +--------+--------+--------+--------+--------+-----+--------+

Top non-repeatable levels by time:
     D:3: 849 daAuts
     D:1: 747 daAuts
     D:2: 733 daAuts
     D:4: 275 daAuts
